 Dungeon Crawl Stone Soup version 0.17.0-18-gaab0e96 (webtiles) character file.

30 JudasIscariot the Skirmisher (level 3, 0/33 HPs)
             Began as a Ghoul Abyssal Knight on Nov 11, 2015.
             Was a Follower of Lugonu.
             Slain by Natasha (7 damage)
             ... on level 2 of the Dungeon.
             The game lasted 00:03:49 (600 turns).

JudasIscariot the Skirmisher (Ghoul Abyssal Knight)  Turns: 600, Time: 00:03:49

Health: 0/33       AC:  5    Str: 16    XL:     3   Next: 20%
Magic:  3/3        EV: 10    Int:  7    God:    Lugonu [*.....]
Gold:   32         SH:  0    Dex:  8    Spells: 0 memorised, 2 levels left

rFire  . . .     SeeInvis .     h - +1 whip (pain)
rCold  + + .     Clarity  .     f - +0 ring mail
rNeg   + + +     SustAt   .     (no shield)
rPois  ∞         Gourm    .     (no helmet)
rElec  .         Spirit   .     (no cloak)
rCorr  .         Warding  +     (no gloves)
rMut   .         Stasis   .     (no boots)
MR     .....                    m - amulet of warding
Stlth  ..........               (no ring)
                                l - ring of protection from cold

@: rotting, not resistant to hostile enchantments, extremely unstealthy
A: rotting body, claws 1, carnivore 3, cold resistance 1, negative energy
resistance 3, slow regeneration 1, torment resistance, unbreathing
a: Depart the Abyss, Renounce Religion


You were on level 2 of the Dungeon.
You worshipped Lugonu.
Lugonu was aware of your devotion.
You were not hungry.

You visited 1 branch of the dungeon, and saw 2 of its levels.
You visited the Abyss 1 time.

You collected 32 gold pieces.

Inventory:

Hand Weapons
 a - a +1 mace
 h - a +1 whip of pain (weapon)
Armour
 b - a +0 leather armour
 f - a +0 ring mail (worn)
Jewellery
 l - a ring of protection from cold (left claw)
 m - an amulet of warding (around neck)
Scrolls
 e - a scroll of identify {unknown}
 g - a scroll of teleportation {unknown}
Potions
 d - a potion of heal wounds {unknown}
 i - a potion of lignification {unknown}
 j - a potion of flight {unknown}
 k - a potion of cancellation {unknown}
Comestibles
 c - a meat ration


   Skills:
 * Level 4.1 Fighting
 * Level 2.0 Maces & Flails
 * Level 2.0 Armour
 + Level 1.0 Dodging
 * Level 2.0 Invocations


You had 2 spell levels left.
You didn't know any spells.

Dungeon Overview and Level Annotations

Branches:
Dungeon (2/15)

Altars:
Ashenzari

Annotations:
D:2 Natasha


Innate Abilities, Weirdness & Mutations

Your body is rotting away.
You thrive on raw meat.
You are immune to poison.
You have sharp fingernails.
You are carnivorous and can eat meat at any time.
Your flesh is cold resistant.
You are immune to negative energy.
You regenerate slowly when monsters are visible.
You are immune to unholy pain and torment.
You can survive without breathing.


Message History

Natasha claws you!
You hit Natasha but do no damage.
Natasha is moderately wounded.
Natasha claws you.
* * * LOW HITPOINT WARNING * * *
You hit Natasha but do no damage.
Natasha is moderately wounded.
The shadow imp disappears in a puff of smoke!
Natasha misses you.
You hit Natasha.
Natasha is severely wounded.
Natasha casts a spell at you. You resist with significant effort.
You closely miss Natasha.
Natasha is severely wounded.
Natasha claws you but does no damage.
You hit Natasha.
Natasha is almost dead.
Natasha claws you!
You die...

#............# ##.#
......###.......# .. #...
... #.......# ..## ##..
..# ##.######
....#####..##.# #.#
.......#...... ######.#
..........#.# #......#
............#######......#
.............h@..(.......#
......?....########......#
...........# ######.#
...........# #.#
.........### #.#
.....###.# .# (.... #..
.... .?. .... ....


You could see Natasha.

Vanquished Creatures
  An adder (D:2)
  An ooze (D:1)
  3 bats
  3 goblins (D:1)
  2 hobgoblins
  A kobold (D:1)
  A ball python (D:1)
  A giant cockroach (D:1)
  A giant gecko (D:1)
  A giant newt (D:1)
  4 rats
19 creatures vanquished.

Notes
Turn   | Place    | Note
--------------------------------------------------------------
     0 | Abyss:1  | JudasIscariot the Ghoul Abyssal Knight began the quest for the Orb.
     0 | Abyss:1  | Reached XP level 1. HP: 19/19 MP: 1/1
    15 | D:1      | Escaped the Abyss
   115 | D:1      | Found a shattered altar of Ashenzari.
   130 | D:1      | Reached skill level 1 in Dodging
   217 | D:1      | Reached XP level 2. HP: 24/27 MP: 2/2
   325 | D:1      | Reached skill level 4 in Fighting
   543 | D:2      | Reached XP level 3. HP: 19/32 MP: 3/3
   558 | D:2      | Noticed Natasha
   600 | D:2      | Slain by Natasha

Action                   || total
-------------------------++-------
Melee: Mace              ||    11
       Whip              ||    80
  Eat: Chunk             ||     8
